[Event "Srdja Dragasevic Memorial-A 2024"]
[Site "Cetinje"]
[Date "2024.06.28"]
[Round "8.18"]
[White "Pusara, Mihailo"]
[Black "Kolmakov, Ivan D."]
[Result "1/2-1/2"]
[ECO "C18"]
[WhiteElo "2117"]
[BlackElo "1902"]
[Annotator "NA RC"]
[PlyCount "30"]
[EventDate "2024.06.23"]
[EventType "swiss"]
[EventCountry "MNE"]
[SourceTitle "playchess.com"]
[Source "ChessBase"]
[SourceQuality "1"]
[TimeControl "40/5400+30:1800+30"]

1. e4 e6 2. d4 d5 3. Nc3 Bb4 4. e5 Ne7 5. a3 Bxc3+ $11 6. bxc3 c5 7. Qg4 cxd4 8. cxd4 Qc7 9. Kd1 Nbc6 10. Nf3 h5 11. Qxg7 Rg8 12. Qh7 Bd7 13. Be3 O-O-O 14. Qxf7 Nf5 15. Bd3 Nce7 1/2-1/2